Unix NetHack Version 5.0.0-0 post-release - last build May 31 2026 23:59:36 (970b52f25bf058293b47ddfd14a1e40e571c508c,branch:main).

Game began 2026-06-08 13:36:23, ended 2026-06-08 15:40:51.

Anarchos, lawful female dwarven Valkyrie

       -------          ------
       |......##########|....
       |.....|         #|...-----
       |.....|         #|...|((.|
       -|----.         #|...|...|.       .
        ###            #|...|..(|..-----f----
          ##           #|...--|--@......h....-+---+-   |
           #           #............ka%f...............|
           #           #|........{.--@---- {...........|
           #            |..........|.d...|     ........|
           ##           |...--|--..|...*.|      ---  ..|
            #           |...|...--||..@..|           - |
            #           |...|]+.| .|..(..|
            #           |...|++]| .|------
        ----.-- -       |...--------
        |....<..|       |...
        |........       -----
        |.......|
        ---------

Anarchos the Skirmisher     St:16 Dx:12 Co:20 In:9 Wi:12 Ch:9  Lawful
Dlvl:7  $:254 HP:0(55) Pw:13(13) AC:5  Xp:5 T:3231 

Latest messages:
 x - a cursed potion of extra healing.
 i - a cursed oil lamp.
 G - a cursed tin whistle.
 Are you sure you want to pray? [yn] (n) y
 You begin praying to Tyr.
 You are surrounded by a shimmering light.
 You finish your prayer.
 You feel that Tyr is well-pleased.
 What do you want to put on? [mNZ or ?*] Z
 Z - an uncursed amulet of flying (being worn).
 You are now in flight.
 What do you want to remove? [FZ or ?*] Z
 You were wearing an uncursed amulet of flying.
 You land.
 You drop a cursed amulet of change.
 You drop 3 cursed darts.
 You drop a cursed dagger.
 You drop a cursed elven dagger.
 You drop a cursed orcish dagger.
 You drop a cursed potion of extra healing.
 You drop a cursed oil lamp.
 You drop a cursed tin whistle.
 You swap places with your little dog.
 You stop.  The priestess of Tyr doesn't want to swap places.
 The kobold shaman picks up a potion.
 The kobold shaman casts a spell at you!
 Your brain is on fire!
 Pick a monster, object or location.
 What do you want to throw? [$buvDEIMX or ?*] h
 In what direction? 8
 The kitten seems more amiable.
 The carrot misses the kitten.
 The kitten bites!
 The kobold shaman points at you, then curses.
 The kitten bites!
 What do you want to throw? [$buvDEIMX or ?*] V
 In what direction? 9
 The kitten seems more amiable.
 The clove of garlic misses the kitten.
 The kobold shaman points at you, then curses.
 You hit the soldier ant.
 The soldier ant misses!
 The soldier ant stings!
 The kobold shaman points at you, then curses.
 The soldier ant bites!
 The soldier ant stings!
 The soldier ant's sting was poisoned!
 You die...
 Do you want your possessions identified? [ynq] (y) y
 Do you want to see your attributes? [ynq] (y) q

Inventory:
 Coins    ('$')
  $ - 254 gold pieces
 Amulets  ('"')
  Z - an uncursed amulet of flying
 Weapons  (')')
  E - 31 +0 arrows
  I - 11 blessed +0 crossbow bolts
  X - a +0 bow
  M - a +0 crossbow
  b - a +2 dagger
  a - a +1 dwarvish spear (weapon in right hand)
  D - 2 +0 orcish daggers
  u - a +0 stiletto
  v - a +0 aklys
 Armor    ('[')
  e - an uncursed +0 pair of kicking boots (being worn)
  c - an uncursed +3 small shield (being worn)
 Scrolls  ('?')
  B - an uncursed scroll of amnesia
  w - an uncursed scroll of blank paper
  z - 2 uncursed scrolls of destroy armor
  A - an uncursed scroll of food detection
  n - an uncursed scroll of identify
  y - 3 uncursed scrolls of light
  o - 2 uncursed scrolls of magic mapping
  C - 2 uncursed scrolls of teleportation
 Spellbooks  ('+')
  J - an uncursed spellbook of healing
  H - an uncursed spellbook of light
  k - an uncursed spellbook of magic missile
  q - an uncursed spellbook of remove curse
  W - an uncursed spellbook of stone to flesh
 Potions  ('!')
  Q - an uncursed potion of healing
  l - an uncursed potion of invisibility
  K - an uncursed potion of speed
 Rings    ('=')
  N - a blessed +3 ring of gain constitution
 Wands    ('/')
  t - a wand of create monster (0:11)
  s - a wand of nothing (0:7)
 Tools    ('(')
  L - an uncursed leash (attached to your little dog)
  F - an uncursed pair of lenses (being worn)
 Gems/Stones  ('*')
  R - an uncursed chrysoberyl stone
  g - an uncursed diamond
  O - an uncursed jacinth stone
  j - an uncursed sapphire
  Y - 3 uncursed worthless pieces of blue glass
  f - an uncursed worthless piece of green glass
  S - 2 uncursed worthless pieces of orange glass
  d - 2 uncursed worthless pieces of violet glass
  P - an uncursed worthless piece of yellow glass

Anarchos the Valkyrie's attributes:

Background:
 You were a Skirmisher, a level 5 dwarven Valkyrie.
 You were lawful, on a mission for Tyr
 who was opposed by Odin (neutral) and Loki (chaotic).
 You were right-handed.
 You were in the Gnomish Mines, on level 7.
 You entered the dungeon 3231 turns ago.
 You had 171 experience points, 149 more were needed to attain level 6.

Basics:
 You had 0 out of 55 hit points.
 You had all 13 energy points (spell power).
 Your armor class was 5.
 Your wallet contained 254 zorkmids.
 Autopickup was on for all types.

Final Characteristics:
 Your strength was 16 (limit:18/100).
 Your dexterity was 12 (limit:20).
 Your constitution was 20 (limit:20).
 Your intelligence was 9 (limit:16).
 Your wisdom was 12 (limit:16).
 Your charisma was 9 (limit:16).

Final Status:
 You weren't hungry.
 You were unencumbered.
 You were wielding a spear.
 You had basic skill with spear.

Final Attributes:
 You were piously aligned.
 You were cold resistant.
 You had infravision.
 You were stealthy.
 You were lucky.
 You are dead.

Miscellaneous:
 You encountered 1 bones level.
 Total elapsed playing time was 1 hour, 2 minutes and 43 seconds.

Major events:
 Turn
    1: Anarchos the lawful dwarven Valkyrie entered the dungeon
 1288: attained the rank of Skirmisher (level 3)
 2199: entered the Gnomish Mines
 2947: reached Mine Town
 3231: killed by a soldier ant

Spells:
 Name                 Level Category     Fail Retention
 light                  1   divination    67%  76%-100%
 healing                1   healing       53%  76%-100%

Skills:
 Fighting Skills
   bare handed combat [Unskilled]
   two weapon combat  [Unskilled]
   riding             [Unskilled]
 Weapon Skills
   dagger             [Basic]
   axe                [Unskilled]
   pick-axe           [Unskilled]
   short sword        [Unskilled]
   broadsword         [Unskilled]
   long sword         [Unskilled]
   two-handed sword   [Unskilled]
   saber              [Unskilled]
   hammer             [Unskilled]
   quarterstaff       [Unskilled]
   polearms           [Unskilled]
   spear              [Basic]
   trident            [Unskilled]
   lance              [Unskilled]
   sling              [Unskilled]
 Spellcasting Skills
   attack spells      [Unskilled]
   escape spells      [Unskilled]

Voluntary challenges:
 Character rerolling was not enabled.
 You never genocided any monsters.
 You never polymorphed an object.
 You never changed form.
 You used no wishes.
Achievements:
 You entered a shop.
 You attained the rank of Skirmisher.
 You entered the Gnomish Mines.
 You entered Minetown.
 You entered a temple.

 The Dungeons of Doom: levels 1 to 4
    Level 1:
    Level 2:
       A scroll shop, a fountain, a sink.
    Level 3:
       Stairs down to The Gnomish Mines.
    Level 4:
       Many fountains, some sinks.
 The Gnomish Mines: levels 4 to 7
    Level 4:
    Level 5:
    Level 6:
    Level 7: <- You were here.
       A tool shop, a temple and an altar to Tyr, some fountains, a grave.
       Final resting place for
          you, killed by a soldier ant,
          ThermoNuclear-Wiz-Elf-Fem-Cha, killed by a soldier ant.


Vanquished creatures:
  a rock piercer
  a gnome leader
  a gnomish wizard
  a dwarf
  3 homunculi
  2 rothes
  2 orc zombies
  2 iguanas
 an acid blob
  2 gas spores
  2 hobbits
  a large kobold
  a giant rat
  3 cave spiders
  a yellow mold
  4 gnomes
  4 geckos
  7 jackals
  a fox
  a kobold
  4 goblins
  a sewer rat
 12 grid bugs
  4 lichens
  a kobold zombie
  7 newts
70 creatures vanquished.

No species were genocided or became extinct.

Game over:
                       ----------
                      /          \
                     /    REST    \
                    /      IN      \
                   /     PEACE      \
                  /                  \
                  |     Anarchos     |
                  |      254 Au      |
                  |   killed by a    |
                  |   soldier ant    |
                  |                  |
                  |                  |
                  |       2026       |
                 *|     *  *  *      | *
        _________)/\\_//(\/(/\)/\//\/|_)_______

Farvel Anarchos the Valkyrie...

You died in The Gnomish Mines on dungeon level 7 with 1243 points,
and 254 pieces of gold, after 3231 moves.
You were level 5 with a maximum of 55 hit points when you died.

